 Dungeon Crawl Stone Soup version 0.32-a0-818-gb728d0252e (webtiles) character file.

Game seed: 4131421195123959831

281 Morbidden the Conjurer (level 6, -1/48 HPs)
             Began as a Draconian Conjurer on Mar 24, 2024.
             Slain by an orc
             ... wielding a +0 war axe
              (8 damage)
             ... on level 5 of the Dungeon.
             The game lasted 00:06:29 (4845 turns).

Morbidden the Conjurer (Draconian Conjurer)         Turns: 4845, Time: 00:06:29

Health: -1/48      AC:  8    Str:  9    XL:     6   Next: 6%
Magic:  6/10       EV: 11    Int: 21    God:
Gold:   271        SH:  0    Dex: 15    Spells: 3/10 levels left

rFire   . .          .
                       - Unarmed
rCold   . . .        (no shield)
rNeg    . . .        (body armour unavailable)
rPois   .            (helmet restricted)
rElec   .            f - +0 cloak
rCorr   .            j - +0 pair of gloves
SInv    .            (no boots)
Will    .....        (no amulet)
Stlth   ++           p - ring of wizardry
HPRegen 0.28/turn    l - +6 ring of dexterity
MPRegen 0.12/turn

%: wizardry (x1)
@: weak-willed
A: AC +6, unfitting armour, cold-blooded
a: no special abilities


You were on level 5 of the Dungeon.
You visited 1 branch of the dungeon, and saw 5 of its levels.

You collected 271 gold pieces.

Inventory:

Missiles
 r - 5 javelins (quivered)
Armour
 f - a +0 cloak (worn)
 j - a +0 pair of gloves (worn)
Jewellery
 b - a ring of protection from cold
 i - a ring of fire
 l - a +6 ring of dexterity (right hand)
 p - a ring of wizardry (left hand)
Talismans
 v - a beast talisman
Scrolls
 h - a scroll of identify
 o - 2 scrolls of revelation
 u - a scroll of teleportation {unknown}
 w - a scroll of amnesia {unknown}
 y - a scroll of noise {unknown}
Potions
 a - a potion of magic
 c - a potion of haste
 d - a potion of might {unknown}
 g - a potion of mutation {unknown}
 k - a potion of enlightenment {unknown}
 n - 2 potions of curing
 x - a potion of experience {unknown}
 z - a potion of heal wounds {unknown}


   Skills:
 * Level 2.0 Fighting
 + Level 0.1 Throwing
 * Level 2.4 Dodging
 + Level 2.0 Stealth
 * Level 1.8 Unarmed Combat
 * Level 2.9 Spellcasting
 * Level 5.1 Conjurations
 * Level 1.9 Translocations
 * Level 0.6 Shapeshifting


You had 3 spell levels left.
You knew the following spells:

 Your Spells              Type           Power      Damage    Failure   Level
a - Magic Dart            Conj           96%        1d7       1%          1
b - Searing Ray           Conj           48%        2d6       1%          2
z - Iskenderun's Mystic   Conj/Tloc      17%        2d5       12%         4

Your spell library contained the following spells:

 Spells                   Type           Power      Damage    Failure   Level
 Necrotise                Necr           12%        1d4       6%          1
 Slow                     Hex            12%        N/A       6%          1
 Confusing Touch          Hex            3%         N/A       16%         3
 Vampiric Draining        Necr           3%         2d6       16%         3
 Fulminant Prism          Conj/Alch      6%         3d7       19%         4
 Martyr's Knell           Necr/Summ      3%         N/A       45%         4
 Curse of Agony           Necr           3%         N/A       80%         5


Dungeon Overview and Level Annotations

Branches:
Dungeon (4/15)
 Temple: D:4-7

Altars:
Elyvilon
Okawaru

Shops:
D:5 =*=[

Annotations:
D:5 Pikel


Innate Abilities, Weirdness & Mutations

Your plain brown scales are hard. (AC +6)
You cannot fit into any form of body armour.
You are cold-blooded and may be slowed by cold attacks.


Message History

Blink to where?
Press: ? - help, Dir - move target, p - centaur 2 gnolls come into view.
Found a scroll labelled HOGRUI WOUTRUV.
As you read the scroll labelled POASMU ERRUGIR, it crumbles to dust.
It was a scroll of blinking.
The gnoll shouts!
You hear a shout! x3
The centaur unwields a +0 orcbow.
The centaur hits you.
The centaur kicks you but does no damage.
Unknown command.
You closely miss the centaur. You tail-slap the centaur.
The centaur is heavily wounded.
The centaur hits you. The centaur barely misses you.
An orc comes into view. It is wielding a +0 war axe.
The centaur misses you. The centaur barely misses you.
Unknown command.
As you read the scroll labelled GAUXUAJ WAOST, it crumbles to dust.
It is a scroll of enchant weapon.
You aren't carrying any weapons that can be enchanted.
The centaur closely misses you. x2; The gnoll hits you with a +0 whip.
Unknown command.
As you read the scroll labelled TOGRALIREPH, it crumbles to dust.
The orc shouts!
A wave of despondency washes over your surroundings.
It was a scroll of vulnerability.
The centaur hits you. The centaur barely misses you.
The gnoll closely misses you. x2
A gnoll comes into view. It is wielding a +0 flail.
The centaur barely misses you. The centaur misses you.
Unknown command.
Unknown command.
The centaur wields a +0 orcbow.
The centaur shoots an arrow.
The arrow hits you.
* * * LOW HITPOINT WARNING * * *
The orc hits you with a +0 war axe.
* * * LOW HITPOINT WARNING * * *
Unknown command.
Unknown command.
Unknown command.
The orc hits you with a +0 war axe!
You die...

#........# #.
#........# #..
#........##+#####...
#.............$.....
#.......##........g.
#...................
##..................
####...............
♣♣ ####..@gcg......
.♣♣♣ #..o........?
...♣♣
...............#
....♣♣
......#######'#..
~≈...♣ ≈~≈... .# #
~≈≈... ≈~≈≈.. #
_)~.5. ~♣~~. ~≈≈...
~≈≈. ~≈...♣


You could see a centaur (weak-willed), 2 gnolls and an orc (weak-willed).

Vanquished Creatures
  A bombardier beetle (D:3)
  An orc priest (D:5)
  A sleepcap (D:4)
  An iguana (D:5)
  An orc wizard (D:5)
  A gnoll (D:4)
  3 adders
  2 ribbon worms
  3 dart slugs
  10 orcs
  2 endoplasms
  2 giant cockroaches (D:1)
  8 goblins
  9 hobgoblins
  6 jackals (D:1)
  4 quokkas
  13 ball pythons
  4 bats
  2 frilled lizards
  6 kobolds
  3 rats
83 creatures vanquished.

Notes
Turn   | Place    | Note
-------+----------+-------------------------------------------
     0 | D:1      | Morbidden the Draconian Conjurer began the quest for the
                  | Orb.
     0 | D:1      | Reached XP level 1. HP: 14/14 MP: 3/3
   283 | D:1      | Reached XP level 2. HP: 22/22 MP: 3/5
   315 | D:1      | Learned a level 2 spell: Searing Ray
   712 | D:1      | Reached XP level 3. HP: 27/27 MP: 1/6
  1081 | D:1      | Found a faded altar of an unknown god.
  1375 | D:2      | Reached skill level 1 in Fighting
  1820 | D:2      | Reached XP level 4. HP: 35/35 MP: 5/7
  2808 | D:3      | Learned a level 4 spell: Iskenderun's Mystic Blast
  3022 | D:3      | Found an iron altar of Okawaru.
  3279 | D:3      | Reached skill level 1 in Translocations
  3632 | D:4      | Noticed an ice beast
  3686 | D:4      | Reached XP level 5. HP: 41/41 MP: 1/8
  4023 | D:4      | Reached skill level 5 in Conjurations
  4467 | D:4      | You fall into a shaft and drop 1 floor!
  4467 | D:5      | Entered Level 5 of the Dungeon
  4470 | D:5      | Found a white marble altar of Elyvilon.
  4488 | D:5      | Noticed a lemure
  4509 | D:5      | Reached skill level 1 in Unarmed Combat
  4542 | D:5      | Noticed Pikel
  4562 | D:5      | Noticed a lemure
  4563 | D:5      | Noticed a lemure
  4565 | D:5      | Noticed a lemure
  4670 | D:5      | Found Cuppuju's Jewellery Shoppe.
  4678 | D:5      | Found Pisi's Assorted Antiques.
  4678 | D:5      | Found Fissob's Jewellery Shop.
  4680 | D:5      | Found Qogor's Armour Shoppe.
  4719 | D:5      | Reached XP level 6. HP: 26/48 MP: 1/10
  4845 | D:5      | Slain by an orc

Illustrated notes

Levels and vault maps discovered:
D:1:      spicycebolla_arrival_xxxplode, layout_loops_ring,
          hellmonk_ecumenical_altar_inner_sanctum
D:2:      layout_basic
D:3:      layout_basic, mainiacjoe_overflow_brackets
D:4:      layout_cave_pods, nicolae_shop_dragon_depot
D:5:      layout_basic, elyvilon_altar_3, jmf_multi_god_temple2,
          jmf_multi_god_temple, ebering_ghost_rock_garden,
          serial_library_hellmonk_hallway_a, nicolae_wooded_promenade,
          uniq_duvessa, uniq_pikel

Skill      XL: |  1  2  3  4  5 |
---------------+----------------+-----
Fighting       | 1 2 |  2.0
Dodging        | 2 |  2.4
Translocations | 1 |  1.9
Conjurations   | 5 |  5.1
Unarmed Combat | 1 |  1.8
Stealth        | 2 |  2.0
Throwing       | |  0.1
Spellcasting   | |  2.9
Shapeshifting  | |  0.6

Action                     |  1- 3 |  4- 6 || total
---------------------------+-------+-------++-------
  Melee: Unarmed           |    47 |   105 ||   152
         Tailslap          |     5 |    26 ||    31
         Punch             |       |     4 ||     4
  Throw: Dart              |       |     9 ||     9
         Javelin           |       |     3 ||     3
   Cast: Magic Dart        |    68 |    95 ||   163
         Searing Ray       |     1 |     9 ||    10
    Use: Scroll            |       |     6 ||     6
         Potion            |       |     2 ||     2
 Armour: Skin              |    33 |    80 ||   113
  Dodge: Dodged            |    28 |    69 ||    97

Table legend: (Time is in decaauts)
 A = Elapsed time spent in this place.
 B = Non-inter-level travel time spent in this place.
 C = Inter-level travel time spent in this place.
 D = Time resting spent in this place.
 E = Time spent auto-exploring this place.
 F = Levels seen in this place.
 G = Mean time per level.
                   A        B        C        D        E       F      G
               +--------+--------+--------+--------+--------+-----+--------+
         Total |   4828 |   4434 |    394 |    676 |   3062 |   5 |  965.6 |
       Dungeon |   4828 |   4434 |    394 |    676 |   3062 |   5 |  965.6 |
               +--------+--------+--------+--------+--------+-----+--------+

Top non-repeatable levels by time:
     D:1: 1370 daAuts
     D:2: 1343 daAuts
     D:3: 1125 daAuts
     D:4: 624 daAuts
     D:5: 365 daAuts
